 Dungeon Crawl Stone Soup version 0.22-a0-467-g5c5de1cb09 (webtiles) character file.

7164 KristianNielsen the Cleaver (level 11, 83/89 HPs)
             Began as a Hill Orc Fighter on June 10, 2018.
             Was a High Priest of Hepliaklqana.
             Quit the game on level 10 of the Dungeon.
             The game lasted 00:29:17 (10356 turns).

KristianNielsen the Cleaver (Hill Orc Fighter)     Turns: 10356, Time: 00:29:18

Health: 83/89      AC: 16    Str: 23    XL:     11   Next: 11%
Magic:  11/11      EV:  5    Int:  8    God:    Hepliaklqana [*****.]
Gold:   629        SH: 18    Dex: 10    Spells: 10/10 levels left

rFire    + . .     SeeInvis .   u - +0 broad axe (drain)
rCold    + . .     Gourm    .   E - +0 large shield "Teoqiur" {rC+} (curse)
rNeg     . . .     Faith    .   C - +0 chain mail
rPois    .         Spirit   .   s - +1 helmet
rElec    .         Reflect  .   (no cloak)
rCorr    +         Harm     .   e - +1 pair of gloves
MR       .....                  (no boots)
Stlth    ..........             (no amulet)
HPRegen  0.24/turn              K - ring of resist corrosion
MPRegen  0.12/turn              N - ring of protection from fire

@: no status effects
A: reduced essence
a: Recall Ancestor, Ancestor Identity, Transference, Idealise, Renounce Religion


You were on level 10 of the Dungeon.
You worshipped Hepliaklqana.
Hepliaklqana was extremely pleased with you.
You were not hungry.

You visited 1 branch of the dungeon, and saw 10 of its levels.

You collected 629 gold pieces.

Inventory:

Hand Weapons
 u - a +0 broad axe of draining (weapon)
Missiles
 g - 2 tomahawks of dispersal
 v - 8 javelins (quivered)
 w - 4 javelins of penetration
 G - 5 steel javelins
Armour
 e - a +1 pair of gloves (worn)
 s - a +1 helmet (worn)
 C - a +0 chain mail (worn)
 E - the cursed +0 large shield "Teoqiur" (worn) {rC+}
   (You found it on level 7 of the Dungeon)

   It protects you from cold.
   It has a curse placed upon it.
Jewellery
 K - a ring of resist corrosion (left hand)
 N - a ring of protection from fire (right hand)
Wands
 b - a wand of random effects (20)
 k - a wand of disintegration (12)
 z - a wand of enslavement (12)
 B - a wand of clouds (5)
 D - a wand of scattershot (4)
 O - a wand of acid (7)
Scrolls
 a - 3 scrolls of immolation {unknown}
 h - 2 scrolls of fear {unknown}
 j - a scroll of enchant armour
 l - 3 scrolls of remove curse
 m - 4 scrolls of enchant weapon {unknown}
 n - a scroll of magic mapping {unknown}
 o - 5 scrolls of fog
 q - 4 scrolls of blinking {unknown}
 y - a scroll of amnesia {unknown}
 A - a scroll of brand weapon {unknown}
 F - 3 scrolls of teleportation {unknown}
 H - 3 scrolls of noise {unknown}
 J - a scroll of vulnerability {unknown}
Potions
 c - a potion of flight
 d - 2 potions of might
 i - a potion of haste
 p - 3 potions of invisibility
 r - a potion of brilliance
 t - 4 potions of agility
 x - a potion of magic {unknown}
 L - a potion of curing
Comestibles
 f - 17 rations
 I - 12 chunks of flesh


   Skills:
 + Level 9.7 Fighting
 + Level 12.0 Axes
 - Level 0.6 Throwing
 + Level 8.9 Armour
 * Level 10.5 Shields


You had 10 spell levels left.
You didn't know any spells.
Your spell library was empty.

Dungeon Overview and Level Annotations

Branches:
Dungeon (10/15)            Temple (0/1) D:4            Lair (0/6) D:10
    Orc: D:9-12

Altars:
Dithmenos
Hepliaklqana
Kikubaaqudgha
Makhleb
Nemelex Xobeh
Okawaru
Qazlal
Ru
Trog
Uskayaw
Vehumet
Wu Jian
Xom
Yredelemnul
Zin
The Shining One


Message History

The steam dragon claws you but does no damage.
The steam dragon bites you but does no damage.
The steam dragon barely misses you.
You barely miss the steam dragon.
Billy hits the steam dragon with a dagger of draining.
You block the steam dragon's attack.
The steam dragon claws you but does no damage.
You slash the steam dragon!
The steam dragon is moderately wounded.
Billy misses the steam dragon.
The steam dragon breathes steam at you. The ball of steam hits you! You resist.
You closely miss the steam dragon.
The steam dragon is moderately wounded.
Billy hits the steam dragon with a dagger of draining.
The steam dragon barely misses you. You block the steam dragon's attack.
You slice the steam dragon!!
You kill the steam dragon!
Okay, then.
Are you sure you want to abandon this character and quit the game? (Confirm with "yes".)

#.# #.# #.# #.# #.# #.#
###### #.# .....###
#.### ##.....#
###@..#####
##.###.#######..R......#
...# #.........###.###.#
##.###.######### #.# #.#
#...R.# #.# #.#
###.######### #.# #.#
#.........# #.###.#
#########.# #..##.# #.#
##....#


You could see the friendly Billy the hexer.

Vanquished Creatures
  The ghost of Liquorice the Quickloader, a novice CeHu of Okawaru (D:10)
  A spriggan (D:7)
  A wyvern (D:10)
  A hungry ghost (D:8)
  A steam dragon (D:10)
  Edmund (D:6)
  A hell hound (D:10)
  Duvessa (D:6)
  An orc warrior (D:7)
  4 ice beasts
  A sky beast (D:8)
  An eye of draining (D:9)
  A phantom (D:6)
  4 ogres
  3 centaurs
  A big kobold (D:9)
  A wyvern zombie (D:10)
  8 bullfrogs
  A gnoll sergeant (D:8)
  2 wyvern skeletons
  Dowan (D:6)
  7 killer bees
  A water moccasin skeleton (D:6)
  2 wights (D:9)
  A howler monkey (D:5)
  A jelly (D:7)
  2 quasits
  5 crimson imps
  4 orc priests
  3 hounds
  8 orc wizards
  3 centaur skeletons (D:8)
  2 iguanas
  Ijyb (D:3)
  2 worker ants
  A hound zombie (D:6)
  Robin (D:3)
  9 gnolls
  9 adders
  4 shadow imps
  2 adder skeletons
  3 dart slugs
  8 leopard geckos
  16 orcs
  9 bats
  3 giant cockroaches
  12 goblins
  5 hobgoblins
  3 jackals (D:2)
  A quokka (D:8)
  2 ball pythons
  6 frilled lizards
  A jackal zombie (D:5)
  10 kobolds
  2 leopard gecko skeletons
  7 rats
193 creatures vanquished.

Vanquished Creatures (collateral kills)
  A two-headed ogre (D:10)
  A troll (D:10)
  A hungry ghost (D:9)
  A hell hound (D:10)
  2 ogres
  A scorpion (D:5)
  4 killer bees
  2 wights (D:9)
  2 orc priests
  A bullfrog skeleton (D:9)
  An iguana (D:7)
  A worker ant (D:7)
  3 orc wizards (D:9)
  2 gnolls
  An ooze (D:7)
  4 leopard geckos
  3 orcs
  2 bats (D:3)
  2 goblins (D:3)
  2 hobgoblins (D:3)
  5 kobolds
42 creatures vanquished.

Vanquished Creatures (others)
  3 hexers
  3 ancestors
6 creatures vanquished.

Grand Total: 241 creatures vanquished

Notes
Turn   | Place    | Note
-------+----------+-------------------------------------------
     0 | D:1      | KristianNielsen the Hill Orc Fighter began the quest for the Orb.
     0 | D:1      | Reached XP level 1. HP: 19/19 MP: 1/1
    90 | D:1      | Reached skill level 3 in Axes
    90 | D:1      | Reached XP level 2. HP: 26/27 MP: 2/2
   674 | D:1      | Reached XP level 3. HP: 33/33 MP: 3/3
  1104 | D:2      | Reached skill level 4 in Axes
  1104 | D:2      | Reached XP level 4. HP: 17/40 MP: 4/4
  1577 | D:2      | Found a hazy altar of Hepliaklqana.
  1595 | D:2      | Became a worshipper of Hepliaklqana the Forgotten
  1777 | D:3      | Found a shadowy altar of Dithmenos.
  1832 | D:3      | Found an iron altar of Okawaru.
  1836 | D:3      | Found a radiant altar of Vehumet.
  1841 | D:3      | Found a glowing silver altar of Zin.
  2046 | D:3      | Noticed Robin
  2057 | D:3      | Reached XP level 5. HP: 40/42 MP: 5/5
  2081 | D:3      | Killed Robin
  2260 | D:3      | Noticed a centaur
  2267 | D:3      | Killed a centaur
  2267 | D:3      | Reached skill level 5 in Axes
  2376 | D:3      | Reached XP level 6. HP: 47/49 MP: 6/6
  2556 | D:3      | Noticed Ijyb
  2564 | D:3      | Killed Ijyb
  2807 | D:3      | Reached skill level 5 in Fighting
  2807 | D:3      | Reached skill level 6 in Axes
  3045 | D:4      | Reached XP level 7. HP: 23/54 MP: 7/7
  3279 | D:4      | Found a staircase to the Ecumenical Temple.
  3391 | D:4      | Reached * piety under Hepliaklqana
  3936 | D:5      | Entered Level 5 of the Dungeon
  4287 | D:5      | Found a basalt altar of Yredelemnul.
  4301 | D:5      | Reached skill level 7 in Axes
  4301 | D:5      | Reached skill level 5 in Armour
  4301 | D:5      | Reached skill level 5 in Shields
  4410 | D:5      | Found a bloodstained altar of Trog.
  4468 | D:5      | Reached XP level 8. HP: 50/63 MP: 8/8
  4570 | D:5      | Found a glowing golden altar of the Shining One.
  4634 | D:5      | Reached ** piety under Hepliaklqana
  4635 | D:5      | Remembered your ancestor Billy as a hexer
  4648 | D:5      | Found an ancient bone altar of Kikubaaqudgha.
  5015 | D:6      | Reached skill level 8 in Axes
  5072 | D:6      | Noticed Edmund
  5085 | D:6      | Killed Edmund
  5122 | D:6      | Noticed Dowan
  5122 | D:6      | Noticed Duvessa
  5140 | D:6      | Killed Dowan
  5143 | D:6      | Killed Duvessa
  5407 | D:6      | Reached skill level 9 in Axes
  5708 | D:6      | Reached XP level 9. HP: 71/71 MP: 9/9
  5882 | D:6      | Reached skill level 10 in Axes
  6428 | D:7      | Got a shimmering large shield
  6439 | D:7      | Identified the cursed +0 large shield "Teoqiur" {rC+} (You found it on level 7 of the Dungeon)
  6482 | D:7      | Reached *** piety under Hepliaklqana
  7119 | D:7      | Found a stormy altar of Qazlal.
  7607 | D:8      | Reached **** piety under Hepliaklqana
  7809 | D:8      | Reached XP level 10. HP: 72/79 MP: 10/10
  7867 | D:8      | Reached skill level 11 in Axes
  8193 | D:8      | Found a burning altar of Makhleb.
  8193 | D:8      | Found a shimmering altar of Xom.
  8431 | D:9      | Found a sacrificial altar of Ru.
  8467 | D:9      | Found an ornate altar of the Wu Jian Council.
  8790 | D:9      | Found a sparkling altar of Nemelex Xobeh.
  8806 | D:9      | Noticed a dagger
  8806 | D:9      | Noticed a dagger
  8807 | D:9      | Found a hide-covered altar of Uskayaw.
  9190 | D:9      | Reached ***** piety under Hepliaklqana
  9577 | D:10     | Entered Level 10 of the Dungeon
  9577 | D:10     | Found a staircase to the Lair.
  9803 | D:10     | Noticed a two-headed ogre
 10037 | D:10     | Noticed Liquorice's ghost (novice CeHu)
 10057 | D:10     | Killed Liquorice's ghost
 10057 | D:10     | Reached skill level 10 in Shields
 10234 | D:10     | Killed a two-headed ogre
 10234 | D:10     | Reached XP level 11. HP: 79/87 MP: 11/11
 10245 | D:10     | Reached skill level 12 in Axes
 10356 | D:10     | Quit the game

Vault maps used:
D:1:      shiori_arrival_maze
D:2:      cheibrodos_pilgrimage, lemuel_round_altar
D:3:      wad_crossroads, lemuel_doored_altar, minmay_overflow_temple_star_quad,
          uniq_ijyb, uniq_robin
D:4:      minmay_temple_entry_glassed_door, first_ration
D:5:      yredelemnul_altar_generic, kiku_gazebo_pond_becter, kennysheep_mini,
          tso_altar
D:6:      uniq_duvessa, uniq_edmund
D:7:      nicolae_qazlal_eye_of_the_storm, st_stairs_9, the_bakery
D:8:      grunt_temple_overflow_champion_of_chaos
D:9:      nemelex_xobeh_ov_fountains_minmay, marbit_many_paths,
          dancing_weapons_uskayaw, lemuel_round_altar, nicolae_benzene_ring
D:10:     minmay_lair_entry_lava

Skill      XL: |  1  2  3  4  5  6  7  8  9 10 11 |
---------------+----------------------------------+-----
Axes           | 3 4 5 6 7 9 10 11 12 | 12.0
Fighting       | 4 5 6 7 8 9 |  9.7
Armour         | 4 5 6 7 8 |  8.9
Shields        | 4 5 6 8 10 | 10.5
Throwing       | |  0.6

Action                   |  1- 3 |  4- 6 |  7- 9 | 10-12 || total
-------------------------+-------+-------+-------+-------++-------
Melee: War axe           |   125 |   138 |    52 |       ||   315
       Broad axe         |       |       |   222 |   212 ||   434
Throw: Javelin           |       |       |     6 |     3 ||     9
Invok: Ancestor Identity |       |     1 |       |       ||     1
       Recall Ancestor   |       |     1 |       |     1 ||     2
       Ancestor Life: He |       |       |     1 |       ||     1
  Use: Scroll            |       |     7 |     2 |     2 ||    11
       Potion            |       |     1 |     1 |       ||     2
 Stab: Distracted        |       |       |     1 |       ||     1
  Eat: Chunk             |     1 |     6 |    12 |     6 ||    25
       Ration            |       |       |     1 |     2 ||     3
Armor: Scale mail        |    63 |    80 |    84 |       ||   227
       Chain mail        |       |       |    32 |    77 ||   109
Dodge: Dodged            |    35 |    52 |    67 |    42 ||   196
Block: Shield            |    56 |    89 |    91 |       ||   236
       Large shield      |       |       |    61 |   187 ||   248

Table legend:
 A = Spawn XP
 B = Non-spawn XP
 C = Spawn XP percentage of total XP
 D = Spawn monster count
 E = Non-spawn monster count
 F = Spawn count percentage of total count
 G = Total turns spent on level
                    A         B        C        D         E        F      G
               +---------+---------+-------+---------+---------+-------+---------
         Total |       0 |   10235 |   0.0 |       0 |     235 |   0.0 | 10356
               +---------+---------+-------+---------+---------+-------+---------
           D:1 |       0 |      35 |   0.0 |       0 |      20 |   0.0 |   752
           D:2 |       0 |     105 |   0.0 |       0 |      25 |   0.0 |  1012
           D:3 |       0 |     363 |   0.0 |       0 |      36 |   0.0 |  1377
           D:4 |       0 |     197 |   0.0 |       0 |      13 |   0.0 |  1003
           D:5 |       0 |     644 |   0.0 |       0 |      19 |   0.0 |   935
           D:6 |       0 |    1392 |   0.0 |       0 |      20 |   0.0 |  1027
           D:7 |       0 |     813 |   0.0 |       0 |      16 |   0.0 |  1169
           D:8 |       0 |    1785 |   0.0 |       0 |      36 |   0.0 |  1128
           D:9 |       0 |    1747 |   0.0 |       0 |      35 |   0.0 |  1425
          D:10 |       0 |    3154 |   0.0 |       0 |      15 |   0.0 |   528
               +---------+---------+-------+---------+---------+-------+---------
